[Event "*** Titled Tuesday Blitz"]
[Site "Chess.com"]
[Date "2019.08.06"]
[Round "7"]
[White "NTBT_DHS"]
[Black "Jbd735"]
[Result "0-1"]
[WhiteElo "2643"]
[BlackElo "2470"]
[TimeControl "180+2"]
[EndTime "14:38:32 PDT"]
[Termination "Jbd735 won by resignation"]

1. d4 d5 2. c4 c6 3. Nf3 e6 4. Nbd2 c5 5. e3 Nc6 6. dxc5 Bxc5 7. a3 a5 8. b3 Nf6 9. Bb2 d4 10. exd4 Nxd4 11. Nxd4 Bxd4 12. Qc2 b6 13. Be2 Bb7 14. Bf3 Bxb2 15. Qxb2 Bxf3 16. Nxf3 Qd3 17. Rd1 Qe4+ 18.
Qe2 Rd8 19. Rxd8+ Kxd8 20. Qxe4 Nxe4 21. Ke2 Kc7 22. Ke3 Nd6 23. g4 f6 24. h4 h5 25. g5 Nf5+ 26. Ke2 e5 27. Rg1 Kd6 28. gxf6 gxf6 29. Rd1+ Ke6 30. Rd5 Rc8 31. Rd1 a4 32.
Rb1 axb3 33. Rxb3 Rc6 34. Rb4 Nd6 35. Nd2 Kf5 36. f3 Nb7 37. Ne4 Nc5 38. Ng3+ Kg6 39. Ke3 Ne6 40. Ne4 Nd4 41. Rb2 f5 42. Rg2+ Kf7 43.
Ng5+ Ke7 44. f4 Rxc4 45. fxe5 Ne6 46. Nxe6 Kxe6 47. Rg6+ Kxe5 48. Rxb6 Rc3+ 49. Kf2 Rxa3 50. Rh6 Kf4 51. Rxh5 Ra2+ 52. Ke1 Ke3 53. Kf1 f4 54. Rb5 Ra1+ 55. Kg2 f3+ 56. Kg3 Rg1+ 57. Kh2 f2 58. Rb3+ Ke4 59. Rb4+ Kd5 60. Rb5+ Kc6 61. Rf5 f1=Q 62.
Rxf1 Rxf1 63. Kg3 Kd7 64. Kg4 Ke7 0-1

[Event "*** Titled Tuesday Blitz"]
[Site "Chess.com"]
[Date "2019.08.06"]
[Round "7"]
[White "Padenie_Zvezd"]
[Black "AliKa2810"]
[Result "1-0"]
[WhiteElo "2812"]
[BlackElo "2562"]
[TimeControl "180+2"]
[EndTime "14:38:34 PDT"]
[Termination "Padenie_Zvezd won by resignation"]

1. d4 Nf6 2. c4 g6 3. Nc3 Bg7 4. e4 d6 5. Nf3 O-O 6. Be2 e5 7.
O-O Nc6 8. d5 Ne7 9. Ne1 Nd7 10.
Nd3 f5 11. Bd2 Nf6 12. f3 f4 13. c5 h5 14. a4 g5 15. cxd6 cxd6 16. Nf2 Ng6 17.
h3 Nh4 18. Qc2 Bd7 19. Rfc1 Rc8 20. Qd1 Qb6 21. a5 Qd4 22. Bb5 Bxh3 23. Ne2 Qxb2 24. Rcb1 Qc2 25. Nxh3 Qc5+ 26. Nf2 g4 27. Bb4 Qxb5 28.
Bxd6 Qc4 29. Bxf8 Rxf8 30. Ra3 g3 31. Nd3 Qc8 32. Qf1 Nxe4 33. fxe4 f3 34. Nxg3 fxg2 35. Qe2 Qh3 36. Nf2 Qc8 37. Qxh5 Qc5 38. Ra2 Rf4 39. Qe8+ Kh7 40. Qh5+ Kg8 41. Re2 Qc3 42. Qe8+ Kh7 43. Qh5+ Kg8 44. Kh2 Bf6 45. Rxb7 Nf3+ 46. Kxg2 Nh4+ 47.
Kh3 Bg7 48. Qe8+ Kh7 49. Qh5+ Kg8 50. Rb8+ Bf8 51. Qg5+ Kh7 52. Rb7+ Kh8 53. Qh5+ 1-0

[Event "*** Titled Tuesday Blitz"]
[Site "Chess.com"]
[Date "2019.08.06"]
[Round "7"]
[White "kasparicy"]
[Black "Quiet_Desperation"]
[Result "1/2-1/2"]
[WhiteElo "2408"]
[BlackElo "2486"]
[TimeControl "180+2"]
[EndTime "14:38:35 PDT"]
[Termination "Game drawn by repetition"]

1. e4 e6 2. d4 d5 3. Nd2 Nf6 4. e5 Nfd7 5. Bd3 c5 6. c3 Nc6 7. Ngf3 cxd4 8. cxd4 Qb6 9. O-O g6 10. Re1 Bg7 11. Nb3 a5 12. Be3 O-O 13. Qd2 a4 14.
Nc1 Qb4 15. Ne2 f6 16. exf6 Nxf6 17. Nc3 Ng4 18. a3 Qd6 19. h3 Nxe3 20. Qxe3 Rxf3 21. Qxf3 Nxd4 22. Qd1 Bd7 23. Rc1 Bh6 24. Rb1 Rf8 25.
Bxg6 Nf3+ 26. gxf3 hxg6 27. Qd3 Kh7 28. Kh1 Bc6 29.
Rg1 e5 30. Ne4 Qe6 31. Ng5+ Bxg5 32. Rxg5 Qxh3+ 33. Kg1 e4 34. Qf1 Qxf3 35. Qg2 Qf6 36.
b3 d4 37. bxa4 e3 38. Qh2+ Kg7 39. Qc7+ Kg8 40. Qg3 exf2+ 41. Kf1 Be4 42. Rd1 Qa6+ 43. Rb5 Qxa4 44. Qb3+ Qxb3 45. Rxb3 Bc2 46. Rbd3 Bxd1 47. Rxd1 Rf4 48. Rb1 d3 49. Rxb7 Rd4 50. Rb1 d2 51.
Rd1 Rd3 52. a4 Ra3 53. Kxf2 Rxa4 54. Rxd2 Re4 55. Kg3 Kg7 56. Rf2 Kh6 57. Ra2 Kg5 58.
Ra5+ Kf6 59. Ra6+ Kf5 60. Ra5+ Re5 61. Rxe5+ Kxe5 62. Kg4 Kf6 63. Kf4 g5+ 64. Kg4 Kg6 65. Kg3 Kh5 66. Kh3 g4+ 67. Kg3 Kg5 68. Kg2 Kh4 69. Kh2 g3+ 70. Kg2 Kg4 71. Kg1 Kh3 72. Kh1 Kg4 73. Kg2 Kf4 74. Kg1 Kf3 75. Kf1 Kg4 76. Kg2 Kf4 77. Kg1 Kg4 78. Kg2 1/2-1/2

[Event "*** Titled Tuesday Blitz"]
[Site "Chess.com"]
[Date "2019.08.06"]
[Round "7"]
[White "dmosesov"]
[Black "BlitzWizard04"]
[Result "1/2-1/2"]
[WhiteElo "2546"]
[BlackElo "2463"]
[TimeControl "180+2"]
[EndTime "14:38:46 PDT"]
[Termination "Game drawn by repetition"]

1. Nf3 Nf6 2. d4 g6 3. c4 Bg7 4.
Nc3 O-O 5. e4 d6 6. h3 Na6 7. Be3 c5 8. d5 e6 9. Bd3 Nc7 10. O-O e5 11. Nd2 Nh5 12. Re1 Rb8 13. a3 Nf4 14. Bf1 h5 15. b4 b6 16. Kh2 g5 17. g3 h4 18. Nf3 hxg3+ 19. fxg3 g4 20.
Nh4 Nxh3 21. Bxh3 gxh3 22. Qh5 Ne8 23. Nf5 Bxf5 24. exf5 cxb4 25. axb4 Qc7 26. Qh4 Rc8 27. Nb5 Qxc4 28. Qxc4 Rxc4 29. Rxa7 Rxb4 30. Nc3 e4 31. Ne2 Be5 32. Bf4 Nf6 33. Bxe5 dxe5 34. d6 Rd8 35. Kxh3 Rxd6 36. Rc1 Rd7 37. Rc8+ Kg7 38. Rxd7 Nxd7 39.
Rc7 Nc5 40. Nc3 e3 41. f6+ Kg6 42. Rc8 Rd4 43. Ra8 Rd3 44. Ne2 Rd2 45. Nc3 Rc2 46. Nd5 e2 47. Rg8+ Kh7 48. Rg7+ Kh8 49. Ne7 e1=Q 50.
Rg8+ Kh7 51. Rg7+ Kh8 52. Rg8+ Kh7 53. Rg7+ Kh8 1/2-1/2

[Event "*** Titled Tuesday Blitz"]
[Site "Chess.com"]
[Date "2019.08.06"]
[Round "7"]
[White "nikitakhoroshev"]
[Black "Aknok"]
[Result "0-1"]
[WhiteElo "2580"]
[BlackElo "2454"]
[TimeControl "180+2"]
[EndTime "14:38:48 PDT"]
[Termination "Aknok won by resignation"]

1. e4 e6 2. d4 d5 3. Nc3 Bb4 4. e5 Qd7 5. a3 Bxc3+ 6. bxc3 b6 7. h4 Ba6 8. h5 Bxf1 9. Kxf1 h6 10.
Nh3 Ne7 11. Qg4 Nf5 12. Nf4 Qa4 13. Qe2 Nc6 14. g4 Nfe7 15. Nd3 Na5 16. g5 Nf5 17. gxh6 Nxh6 18. Bxh6 Rxh6 19. Rg1 O-O-O 20. Rxg7 Rdh8 21. Nf4 Nc4 22. Rxf7 Qa5 23. Qd3 Nb2 24. Qh3 Kb8 25. Kg2 Na4 26. Rg1 Nxc3 27. Kh2 Ne2 28. Nxe2 Rxh5 29.
Rg8+ Kb7 30. Rxh8 Rxh3+ 31. Rxh3 Qd2 32. Ng3 Qxd4 33. Rhh7 Qxe5 34. f4 Qd4 35. Rxc7+ Ka6 36. Rxa7+ Kb5 37. a4+ Kb4 38. c3+ Qxc3 39. a5 bxa5 40.
Rhb7+ Ka4 41. Kh3 d4 42. Rc7 Qe3 43. Rc4+ Kb5 44. Rac7 d3 45. R7c5+ Qxc5 46. Rxc5+ Kxc5 47. Kg4 Kd4 48. Kf3 a4 49. Ne4 a3 50. Nd2 Kc3 51.
Ke3 a2 0-1

[Event "*** Titled Tuesday Blitz"]
[Site "Chess.com"]
[Date "2019.08.06"]
[Round "7"]
[White "vugarrasulov"]
[Black "Polish_fighter3000"]
[Result "0-1"]
[WhiteElo "2823"]
[BlackElo "2970"]
[TimeControl "180+2"]
[EndTime "14:38:52 PDT"]
[Termination "Polish_fighter3000 won by resignation"]

1. e4 d5 2. exd5 Qxd5 3. Nc3 Qd8 4. d4 g6 5. Bf4 Bg7 6. Nf3 Nf6 7. h3 O-O 8. Qd2 Nc6 9. O-O-O Bf5 10. Bh6 Ne4 11. Nxe4 Bxe4 12. Bxg7 Kxg7 13. Ng5 Bf5 14. g4 Qd5 15. gxf5 Qxh1 16. d5 Rad8 17. fxg6 hxg6 18. Qc3+ Kg8 19. Qg3 Rxd5 20. Bd3 Rxd3 21. cxd3 Qd5 22.
Qh4 Kg7 23. Qh7+ Kf6 24. Ne4+ Ke6 25. Qh6 Rd8 26. Qf4 Kd7 27. Nc3 Qf5 28. Qg3 Nd4 29. Re1 f6 30. h4 e5 31. Kb1 Ke6 32. Ne4 Kf7 33. Qe3 Kg7 34. h5 Qxh5 35. f4 Qf3 36.
fxe5 fxe5 37. Qd2 Nf5 38. Nc5 Rd5 39. Rc1 Rd6 40. Ka1 b6 41. Na6 c5 42. Nc7 Qc6 43. Qe1 Kf6 44. d4 Rxd4 45. Na6 Qe4 46. Qg1 Qe3 47.
Qh1 Rh4 48. Qd1 Qd4 49. Qb3 Rh2 50. Nc7 e4 51. Qe6+ Kg5 52. Rb1 e3 53. Nd5 e2 54.
Nc3 Qe3 55. Ne4+ Kf4 56. Qxg6 e1=Q 57. Qg5+ Kxe4 58. Qg4+ Ke5 0-1

[Event "*** Titled Tuesday Blitz"]
[Site "Chess.com"]
[Date "2019.08.06"]
[Round "7"]
[White "nocnypako"]
[Black "GMKrikor"]
[Result "1/2-1/2"]
[WhiteElo "2588"]
[BlackElo "2658"]
[TimeControl "180+2"]
[EndTime "14:38:54 PDT"]
[Termination "Game drawn - insufficient material"]

1. d4 Nf6 2. c4 e6 3. Nc3 d5 4. cxd5 exd5 5. Bg5 Be7 6. e3 c6 7. Bd3 Nbd7 8. Nge2 Nh5 9. Bxe7 Qxe7 10. Qc2 Nhf6 11. O-O-O Nb6 12. Kb1 O-O 13. Ng3 Be6 14. h3 c5 15. dxc5 Qxc5 16. Nb5 Qe7 17. Nd4 Rac8 18. Qe2 Nc4 19. Rc1 Qb4 20. Ka1 Rc5 21. Rc3 Rfc8 22. Rhc1 g6 23. Qc2 b6 24. Qb3 Qxb3 25. Nxb3 R5c7 26.
Ne2 Kf8 27. Ned4 Ke7 28. Nxe6 fxe6 29. Nd4 Kd7 30. Nf3 Kd6 31. b3 Na5 32. Rxc7 Rxc7 33.
Rxc7 Kxc7 34. Ne5 Kd6 35. f4 Nc6 36. Nxc6 Kxc6 37. Kb2 Kd6 38. Kc3 e5 39. fxe5+ Kxe5 40. Kb4 d4 41. exd4+ Kxd4 42. Bf1 Nd5+ 43. Kb5 Nc3+ 44.
Ka6 Nxa2 45. Kxa7 Kc5 46. Kb7 b5 47. Kc7 Nc1 48. b4+ Kxb4 49. Kb6 Kc3 50. Bxb5 Kd4 51. Kc6 Ke3 52. Kd6 Nb3 53. Ke7 Kf2 54. Bc6 Nd4 55.
Bb7 Nf5+ 56. Kf6 Ne3 57. Kg7 Nxg2 58. Bxg2 Kxg2 59. Kxh7 g5 60. Kg6 Kxh3 61. Kxg5 1/2-1/2

[Event "*** Titled Tuesday Blitz"]
[Site "Chess.com"]
[Date "2019.08.06"]
[Round "7"]
[White "2165149677570"]
[Black "Th3ChessViking"]
[Result "1-0"]
[WhiteElo "2304"]
[BlackElo "2402"]
[TimeControl "180+2"]
[EndTime "14:38:57 PDT"]
[Termination "2165149677570 won on time"]

1. d4 Nf6 2. c4 c5 3. d5 e5 4. Nc3 d6 5. e4 Nbd7 6. Nf3 Be7 7. Bd3 O-O 8. O-O a6 9. a3 Ne8 10. b4 b6 11. Rb1 Kh8 12. g3 Nef6 13. Nh4 Ne8 14.
Nf5 Bg5 15. f4 exf4 16. gxf4 Bf6 17. Ne2 g6 18. Nh6 Bg7 19. Ng4 Qh4 20. Ng3 Ndf6 21.
Nf2 Ng4 22. Nxg4 Bxg4 23. Qe1 Bh3 24. Rf2 Nf6 25. Bb2 Ng4 26. Bxg7+ Kxg7 27. Re2 Qf6 28.
e5 Qxf4 29. Re4 Qg5 30. exd6 Rad8 31. bxc5 bxc5 32. Rb7 Rxd6 33. Ree7 Qf6 34. Ne2 Ne5 35. Be4 Bc8 36. Rbc7 Rb6 37. Qc3 Rb2 38. Qxe5 Rxe2 39. Qxf6+ Kxf6 40. d6 Be6 41. Bd5 Re5 42. Bxe6 Rxe6 43.
Rxe6+ Kxe6 44. Rxc5 Kxd6 45. Ra5 Ra8 46. Kf2 Kc6 47. Ke3 Kb6 48. Re5 Rc8 49. Kd4 f6 50. Re6+ Rc6 51. Re7 h5 52. h4 a5 53. Rg7 Rd6+ 54.
Kc3 Kc6 55. Rxg6 Kc5 56. Rh6 1-0

[Event "*** Titled Tuesday Blitz"]
[Site "Chess.com"]
[Date "2019.08.06"]
[Round "7"]
[White "Dhaydon19"]
[Black "GrandGlacier"]
[Result "0-1"]
[WhiteElo "2595"]
[BlackElo "2443"]
[TimeControl "180+2"]
[EndTime "14:38:57 PDT"]
[Termination "GrandGlacier won by resignation"]

1. d4 Nf6 2. c4 g6 3. Nf3 d5 4. g3 Bg7 5. cxd5 Nxd5 6. Bg2 O-O 7. O-O Nb6 8. Nc3 Nc6 9. d5 Ne5 10. Nxe5 Bxe5 11. e4 e6 12. Bh6 Bg7 13. Bxg7 Kxg7 14. Qd4+ f6 15. Rfd1 exd5 16. exd5 Bf5 17. Rac1 a6 18.
d6 Qxd6 19. Qxd6 cxd6 20. Bxb7 Ra7 21. Bg2 Rd8 22. Ne2 d5 23. Rc6 Nc4 24. Rxc4 Re8 25. Bxd5 Rxe2 26. Rb4 Rd7 27. Kf1 Rc2 28. g4 Be6 29. Bf3 Rxd1+ 30. Bxd1 Rc1 31. Ke2 Bxa2 32. b3 Rc6 33. Kd2 Bb1 34. Ra4 f5 35. gxf5 Bxf5 36. Be2 Be6 37. b4 Bc4 38. Bf3 Rf6 39. Ke3 g5 40.
Ra5 Bb5 41. Bb7 Rb6 42. Bc8 Kf6 43. f4 h6 44. f5 Rd6 45. Ra2 Rd3+ 46. Ke4 Rb3 47.
Rd2 Rxb4+ 48. Kd5 Rf4 49. Kc5 Rxf5+ 50. Bxf5 Kxf5 51. Kd4 h5 52. Ke3 Kg4 53. Kf2 Kh3 54. Kg1 g4 55. Rd5 h4 56. Rh5 Be2 57. Kf2 g3+ 58.
Kxe2 gxh2 0-1

[Event "*** Titled Tuesday Blitz"]
[Site "Chess.com"]
[Date "2019.08.06"]
[Round "7"]
[White "Karacsonyi_Gellert"]
[Black "ChadBiryani"]
[Result "0-1"]
[WhiteElo "2497"]
[BlackElo "2391"]
[TimeControl "180+2"]
[EndTime "14:39:02 PDT"]
[Termination "ChadBiryani won by resignation"]

1. e4 c5 2. Nf3 d6 3. d4 cxd4 4. Nxd4 Nf6 5. Nc3 g6 6. Be3 Bg7 7. f3 O-O 8. Qd2 Nc6 9. Bc4 Bd7 10. O-O-O Rc8 11. Bb3 Ne5 12. h4 h5 13. Bh6 Nc4 14.
Bxc4 Rxc4 15. Bxg7 Kxg7 16. g4 Rh8 17. g5 Ne8 18. f4 Qa5 19. e5 Bg4 20. Rde1 b5 21. exd6 Nxd6 22. Rxe7 b4 23. Nb3 bxc3 24. Qxd6 cxb2+ 25. Kb1 Qc3 26. Qe5+ Qxe5 27. fxe5 Rhc8 28. Kxb2 Rxc2+ 29. Ka3 Be6 30. Rxa7 Re2 31. Rf1 Rxe5 32. Re7 Ra8+ 33. Kb4 Rxa2 34. Nd4 Re4 35. Rfxf7+ Bxf7 36. Rxe4 Rg2 37. Kc3 Rg3+ 38. Kd2 Rg2+ 39. Ke3 Rg3+ 40.
Kf2 Ra3 41. Re7 Ra4 42. Ke3 Ra3+ 43. Kf4 Ra4 44. Rd7 Rb4 45. Ke5 Ra4 46. Ne6+ Kg8 47. Rd8+ Kh7 48. Rd7 Kg8 49. Nd4 Ra5+ 50. Kf6 Ra6+ 51.
Ke7 Ra4 52. Nf3 Re4+ 53. Kd8 Re3 54. Nd4 Re4 55. Kc7 Rxh4 56. Nc6 Rc4 57. Kd6 Rxc6+ 58. Ke5 Rc5+ 59. Kf4 Rf5+ 60. Ke4 Rxg5 61. Rd8+ Kg7 62. Kf4 Rg4+ 63. Kf3 Ra4 0-1

[Event "*** Titled Tuesday Blitz"]
[Site "Chess.com"]
[Date "2019.08.06"]
[Round "7"]
[White "chessbia"]
[Black "vova-79"]
[Result "0-1"]
[WhiteElo "2233"]
[BlackElo "2462"]
[TimeControl "180+2"]
[EndTime "14:39:03 PDT"]
[Termination "vova-79 won by resignation"]

1. d4 d5 2. c4 c6 3. Nf3 Nf6 4.
Nc3 e6 5. Bg5 dxc4 6. a4 b5 7.
axb5 cxb5 8. Bxf6 gxf6 9. Nxb5 Qb6 10. Nc3 Qxb2 11. Qc1 Ba3 12. Na2 Qb3 13. Qd1 Bb2 14.
Nd2 Qxd1+ 15. Rxd1 c3 16. Nb3 Bb7 17. e3 Bd5 18.
Nbc1 Nd7 19. Nb4 a5 20. Nxd5 exd5 21. Bb5 Ke7 22. Nd3 Rab8 23. Bc6 Kd6 24. Ba4 Nb6 25. Bc2 a4 26. Ke2 a3 27. Nc5 a2 28. Bb3 Ra8 29. e4 a1=Q 30. Rxa1 Rxa1 31. Rxa1 Bxa1 32. exd5 Nxd5 33.
Ne4+ Kc6 34. g3 f5 35. Ng5 Nb4 36. Nxf7 Re8+ 37. Ne5+ Kd6 38. Kd1 c2+ 39. Bxc2 Nxc2 40. Kxc2 Bxd4 41. Nf7+ Ke7 42. Ng5 Bxf2 43. Nxh7 Rh8 44.
Ng5 Rxh2 45. Kd3 Bxg3 46. Nf3 Rh8 47. Nd4 Kf6 48. Ke3 Be5 49. Nc6 Rh3+ 50. Kf2 Bc3 51. Nd8 Rh8 52. Nb7 Bb4 53. Kf3 Rb8 0-1

[Event "*** Titled Tuesday Blitz"]
[Site "Chess.com"]
[Date "2019.08.06"]
[Round "7"]
[White "Zhuu96"]
[Black "Mr_Penings"]
[Result "1-0"]
[WhiteElo "2958"]
[BlackElo "2520"]
[TimeControl "180+2"]
[EndTime "14:39:51 PDT"]
[Termination "Zhuu96 won by resignation"]

1. e4 c5 2. Nf3 e6 3. d4 cxd4 4. Nxd4 a6 5. Be2 Nf6 6. Nc3 Qc7 7. O-O Nc6 8. a4 h5 9. Nf3 Ng4 10. h3 Bc5 11. Qd2 Qg3 12. Nd1 Nce5 13. Qf4 Nxf3+ 14. Bxf3 Qxf4 15. Bxf4 e5 16. Bg3 h4 17. Bxh4 Rxh4 18. Bxg4 b6 19. Nc3 Bb7 20. Rfd1 O-O-O 21. Nd5 Bxd5 22.
Rxd5 Rh6 23. Rad1 Rf6 24. R1d2 a5 25. Rxe5 Kc7 26. Kf1 d6 27. Re7+ Kc6 28. Bf3 Rf4 29. Ra7 b5 30. Ra6+ Kb7 31. axb5 Bb6 32. e5+ d5 33. c4 Rxc4 34. Bxd5+ Kc7 35. Ke2 Rc5 36. Bxf7 Rxe5+ 37. Kd1 Rxd2+ 38. Kxd2 Rxb5 39. Ra8 Rxb2+ 40. Kd3 Rxf2 41. Bd5 Rf4 42. Be4 Rf6 43. Re8 Rd6+ 44. Kc2 Rd7 45. Re6 Rd6 46. Re5 Rd4 47. Bf5 Kd6 48. Re6+ Kc5 49. Rg6 Rf4 50. Bd7 Rf7 51. Be8 Re7 52. Rc6+ Kd5 53. Rc8 Bc5 54. Bc6+ Kd6 55.
Bf3 Rc7 56. Rd8+ Ke5 57. Kb3 Bb4 58. Re8+ Kf6 59. Re4 Rc3+ 60. Ka4 Ra3+ 61. Kb5 Rc3 62. h4 Rc5+ 63. Ka4 g6 64. Rf4+ Rf5 65. Rc4 Rc5 66.
Rg4 Rc3 67. Be4 Ra3+ 68. Kb5 Be1 69. Bc2 Rg3 70. Rf4+ Kg7 71. Be4 Kh6 72. Bf3 Bb4 73. Re4 g5 74. Re6+ Kg7 75. h5 g4 76. h6+ Kh8 77.
Be4 Kg8 78. h7+ Kf7 79. Rc6 Rb3 80. Bd5+ 1-0

[Event "*** Titled Tuesday Blitz"]
[Site "Chess.com"]
[Date "2019.08.06"]
[Round "7"]
[White "Heineccius"]
[Black "Shahinyan_ChessMood"]
[Result "0-1"]
[WhiteElo "2556"]
[BlackElo "2763"]
[TimeControl "180+2"]
[EndTime "14:40:20 PDT"]
[Termination "Shahinyan_ChessMood won by resignation"]

1. d4 Nf6 2. c4 c5 3. d5 e6 4. Nc3 exd5 5. cxd5 d6 6. e4 g6 7. f4 Bg7 8. Bb5+ Nfd7 9. Nf3 a6 10.
Bd3 b5 11. O-O O-O 12. Qe1 Qe7 13. a3 c4 14. Bc2 Nc5 15. Be3 Nbd7 16. Bd4 Bb7 17.
Bxg7 Kxg7 18. Qd2 Rae8 19. Rae1 Qd8 20. Kh1 Qb6 21. e5 a5 22. Qd4 Kg8 23. exd6 b4 24.
axb4 axb4 25. Ne4 Nxe4 26. Bxe4 Qxd6 27. Ne5 Nxe5 28. fxe5 Rxe5 29. Bf3 Rfe8 30. Rxe5 Rxe5 31. Rd1 Ba6 32. h3 h5 33. Qh4 Re8 34. Qd4 Rc8 35. Rc1 Bb5 36. Be2 Rc5 37. Bxc4 Kh7 38. b3 Bxc4 39.
bxc4 b3 40. Rb1 Ra5 41. Rxb3 Qa6 42. Rb1 Ra4 43. Rc1 Ra2 44. d6 Qc6 45. Qd5 Qxd5 46.
cxd5 Ra8 47. Rc7 Kg7 48. d7 Rd8 49. g4 hxg4 50. hxg4 Kf6 51. Kg2 Ke5 52. Kf3 Kxd5 53. Kf4 Ke6 54. Kg5 Rxd7 55. Rc6+ Ke7 56. Kf4 Rd5 57.
Rc7+ Ke6 58. Rc6+ Rd6 59. Rc5 Rd4+ 60. Kf3 Kf6 61. Ra5 Rb4 62. Rc5 Rb3+ 63. Kf4 g5+ 64. Ke4 Rg3 65. Rf5+ Kg6 66. Ke5 Rxg4 67. Rf6+ Kg7 68.
Rf1 Rf4 69. Rg1 f6+ 70. Ke6 Kg6 71. Rg2 g4 72. Rg1 Kg5 73. Rg2 Rf3 0-1

[Event "*** Titled Tuesday Blitz"]
[Site "Chess.com"]
[Date "2019.08.06"]
[Round "7"]
[White "Karina_Ivanova"]
[Black "Caisachess"]
[Result "0-1"]
[WhiteElo "2165"]
[BlackElo "2320"]
[TimeControl "180+2"]
[EndTime "14:40:26 PDT"]
[Termination "Caisachess won by checkmate"]

1. Nf3 Nf6 2. g3 e6 3. Bg2 d5 4. c4 Be7 5. d4 O-O 6. O-O dxc4 7. Qa4 a6 8. Qxc4 b5 9. Qd3 Bb7 10. Nc3 c5 11. Rd1 c4 12. Qd2 Ne4 13. Nxe4 Bxe4 14. Ne1 Bxg2 15. Nxg2 Nd7 16. e4 Nf6 17. Qe2 Rc8 18.
Bf4 b4 19. Rac1 Qa5 20. Rxc4 Qxa2 21. Rxc8 Rxc8 22. f3 a5 23. Rc1 Rxc1+ 24. Bxc1 Qb1 25. Qd1 a4 26. Ne3 a3 27. bxa3 bxa3 28. Bd2 a2 29.
Bc3 Bb4 30. Ba1 Nd7 31. Kf2 Nb6 32. Ke2 h6 33. Nc2 Na4 34. Nxb4 Qxb4 35. Qc1 Qb1 36. Kd2 Qb3 37. Qd1 Qc4 38. Qc1 Qb4+ 39. Kc2 Nb6 40. Bc3 Qc4 41. Kd2 h5 42. Ba1 Qb3 43. Qc3 Qb1 44. Qc1 g5 45. Kd1 g4 46. fxg4 hxg4 47. Kd2 Qxe4 48. Qd1 Nc4+ 49. Kc3 Ne3 50. Qe1 Nd5+ 51.
Kd2 Qxe1+ 52. Kxe1 Kg7 53. Kd2 Kg6 54. Kc2 Kf5 55. Kb3 Ke4 56. Kxa2 Kf3 57. Kb3 Kg2 58. Kc4 Kxh2 59. Kc5 Kxg3 60. Kd6 Kf3 61. Bb2 g3 62.
Kd7 g2 63. Ke8 g1=Q 64. Kxf7 Qb1 65. Kxe6 Qxb2 66. Kxd5 Ke3 67. Kc6 Qxd4 68. Kb5 Ke4 69. Ka6 Kd5 70. Kb5 Qc4+ 71. Ka5 Qb3 72. Ka6 Qb4 73.
Ka7 Kc6 74. Ka8 Qb7# 0-1

[Event "*** Titled Tuesday Blitz"]
[Site "Chess.com"]
[Date "2019.08.06"]
[Round "7"]
[White "Supernotar"]
[Black "medalja"]
[Result "1/2-1/2"]
[WhiteElo "2626"]
[BlackElo "2370"]
[TimeControl "180+2"]
[EndTime "14:40:41 PDT"]
[Termination "Game drawn - insufficient material"]

1. d4 Nf6 2. c4 e6 3. Nf3 b6 4. g3 Ba6 5. b3 Bb4+ 6. Bd2 Be7 7. Bg2 c6 8. O-O d5 9. Qc2 O-O 10. Bf4 Nbd7 11. Nbd2 c5 12. dxc5 Bxc5 13. Rad1 Qe7 14. Ne5 Rac8 15. Qb1 g5 16. Nxd7 Nxd7 17. b4 Bxb4 18.
Bxg5 Qxg5 19. Qxb4 Bxc4 20. Nxc4 Rxc4 21. Qd6 Nc5 22. h4 Qf6 23. Rxd5 Nb7 24. Qe5 Qxe5 25.
Rxe5 Nc5 26. Rg5+ Kh8 27. Bf3 f6 28. Rh5 Kg7 29. Rd1 e5 30. g4 e4 31. Bg2 e3 32.
Bf3 exf2+ 33. Kxf2 Re8 34. Rd6 Ne4+ 35. Bxe4 Rcxe4 36.
Rd7+ Kg8 37. Rhxh7 Rxe2+ 38. Kf3 R2e3+ 39. Kf4 R3e4+ 40. Kf5 R8e5+ 41. Kg6 Rxg4+ 42. Kxf6 Ree4 43. Rhg7+ Rxg7 44. Rxg7+ Kh8 45. Rxa7 Rxh4 46. Ke6 Rd4 47. Ke5 Rd2 48. a4 Kg8 49. Ra6 Ra2 50. Kd6 Kf7 51. Kc6 Ke7 52. Kxb6 Kd7 53. Ra7+ Kc8 54. a5 Kb8 55.
Rh7 Rb2+ 56. Ka6 Rg2 57. Rh8+ Kc7 58. Ka7 Ra2 59. Rh5 Ra1 60. a6 Rc1 61. Rh7+ Kc8 62. Rh2 Kc7 63. Rb2 Rc3 64. Rb7+ Kc8 65. Rb8+ Kc7 66.
Rb7+ Kc8 67. Rg7 Rc1 68. Rg8+ Kc7 69. Rg3 Rc2 70. Rb3 Kc8 71. Kb6 Kb8 72. Rb4 Rc1 73. Rb2 Rc3 74. Re2 Rb3+ 75. Ka5 Ra3+ 76. Kb5 Rb3+ 77.
Ka4 Rb1 78. Re7 Ra1+ 79. Kb5 Rb1+ 80. Ka5 Ra1+ 81. Kb6 Rb1+ 82. Kc6 Rc1+ 83. Kb5 Rb1+ 84. Kc4 Rc1+ 85. Kb4 Rb1+ 86. Ka4 Ra1+ 87. Kb4 Rb1+ 88. Kc5 Rc1+ 89. Kd4 Rd1+ 90. Kc4 Rc1+ 91. Kb3 Ra1 92. Rb7+ Ka8 93. Rb6 Ka7 94. Re6 Rxa6 95. Rxa6+ Kxa6 1/2-1/2

[Event "*** Titled Tuesday Blitz"]
[Site "Chess.com"]
[Date "2019.08.06"]
[Round "7"]
[White "KacperPolOK"]
[Black "RoelandPruijssers"]
[Result "0-1"]
[WhiteElo "2418"]
[BlackElo "2486"]
[TimeControl "180+2"]
[EndTime "14:40:45 PDT"]
[Termination "RoelandPruijssers won by resignation"]

1. e4 Nf6 2. e5 Nd5 3. d4 d6 4.
Bc4 Nb6 5. Bb3 dxe5 6. Qh5 e6 7. dxe5 Nc6 8. Nf3 Nd4 9. Nxd4 Qxd4 10. O-O Bd7 11. c3 Qd3 12. Be3 Qg6 13. Qf3 Bc6 14. Qg3 O-O-O 15. Nd2 Nd5 16. Bxd5 Rxd5 17. Rad1 Rxe5 18.
Bf4 Qxg3 19. hxg3 Rd5 20. Nf3 Rxd1 21. Rxd1 f6 22. Nd4 Bd7 23. Be3 e5 24. Nb3 Be6 25.
Nc5 Bf7 26. a4 b6 27. Ne4 Be7 28. a5 Be6 29. axb6 axb6 30. f4 exf4 31. Bxf4 Re8 32.
Nf2 Bc5 33. b4 Bf8 34. Re1 Kd7 35. Ra1 Bd5 36. Nd3 Bd6 37. Rd1 Bb3 38. Rd2 Bxf4 39. gxf4 Kc6 40. Kf2 Bd5 41. g4 Be4 42. Nc1 Re7 43.
Ne2 Kb5 44. Rd4 Bb7 45. Ng3 c5 46. Rd6 cxb4 47. cxb4 Rc7 48. Nf5 Rc2+ 49. Ke3 Rc3+ 50. Kd2 Rc7 51. Re6 Bd5 52. Rd6 Be4 53. Nd4+ Kxb4 54.
Rxb6+ Kc5 55. Ke3 Kxb6 56. Kxe4 Re7+ 57. Kf5 Kc5 58. Nf3 Kd6 59. g5 Rf7 60. g6 hxg6+ 61.
Kxg6 Ra7 62. Nh4 Kd5 63. Kf5 Rb7 64. Ng6 Kd4 65. Nf8 Ke3 66. Ne6 Re7 67. Nf8 Kf3 68. Ng6 Ra7 69. Nf8 Ra5+ 70. Kg6 Kxf4 71. Kxg7 f5 72. Kg6 Ra6+ 73. Kh5 Rd6 74. Nh7 Kg3 75. Ng5 Ra6 76. Nf7 f4 77. Ne5 Ra5 0-1

[Event "*** Titled Tuesday Blitz"]
[Site "Chess.com"]
[Date "2019.08.06"]
[Round "7"]
[White "WPWPWP-2015"]
[Black "RegZryt"]
[Result "0-1"]
[WhiteElo "2420"]
[BlackElo "2605"]
[TimeControl "180+2"]
[EndTime "14:40:59 PDT"]
[Termination "RegZryt won by checkmate"]

1. e4 c5 2. Nf3 e6 3. b3 d5 4. exd5 Qxd5 5. Nc3 Qd8 6. Bc4 Nf6 7. O-O Be7 8. a4 O-O 9. Bb2 Nc6 10. Re1 b6 11.
Qe2 Bb7 12. Rad1 a6 13. h3 Nd4 14. Nxd4 cxd4 15. Nb1 b5 16. axb5 axb5 17. Bxb5 Ra2 18. Bc1 Qd5 19. f3 Nh5 20. Bc4 Qd8 21. d3 Bh4 22. Qe5 Ra5 23. Qe2 Bg3 24. b4 Rf5 25. c3 dxc3 26. Be3 Bxe1 27. Rxe1 Nf4 28. Bxf4 Rxf4 29. Qe3 Qg5 30. Kh2 c2 31. Nd2 Qf6 32. Rc1 h5 33. Rxc2 h4 34. Kg1 Rd8 35. Nf1 Qg5 36.
Kh2 e5 37. Re2 Rf5 38. Qxg5 Rxg5 39. Ne3 Kf8 40. Ng4 Re8 41. Ne3 Rg6 42. b5 Rb6 43.
Ra2 Bc8 44. Ra7 Rb7 45. Ra6 Bd7 46. Ra5 Reb8 47. Ng4 f6 48. Ne3 Bxb5 49. Bd5 Rc7 50.
Be4 Bd7 51. Nd5 Rc5 52. Ra7 Rd8 53. Nb6 Be6 54. g3 Rc2+ 55. Kg1 hxg3 56. Ra3 Bxh3 57. Ra1 Rb8 58. Nc4 Be6 59. Ne3 Re2 60. Nf1 g2 61.
Ng3 Reb2 62. Kh2 g1=Q+ 63. Kxg1 Rb1+ 64. Rxb1 Rxb1+ 65. Kf2 Rb2+ 66. Ke3 Kf7 67. Ne2 g6 68. f4 f5 69. Bf3 exf4+ 70. Nxf4 g5 71. Ne2 Kf6 72. d4 Bc4 73. Nc1 Rc2 74. Ne2 Bxe2 75.
Bxe2 Rxe2+ 76. Kxe2 Ke6 77. Ke3 Kd5 78. Kd3 f4 79.
Ke2 Kxd4 80. Kf3 Ke5 81. Kg4 Ke4 82. Kh3 f3 83. Kg3 Ke3 84. Kh2 f2 85. Kg2 Ke2 86.
Kh2 f1=Q 87. Kg3 Qf4+ 88. Kh3 Qf3+ 89. Kh2 Qg4 90. Kh1 Kf2 91. Kh2 Qh4# 0-1